 Dungeon Crawl Stone Soup version 0.32-a0-163-g159c032296 (webtiles) character file.

Game seed: 15590296530777523586

679 zeratav the Fighter (level 7, -4/80 HPs)
             Began as an Oni Warper on Feb 11, 2024.
             Was a Follower of the Shining One.
             Slain by a gnoll
             ... wielding a +0 halberd
             ... led by a gnoll bouda
              (13 damage)
             ... on level 4 of the Dungeon.
             The game lasted 00:07:01 (4230 turns).

zeratav the Fighter (Oni Warper)                    Turns: 4230, Time: 00:07:01

Health: -4/80      AC:  7    Str: 18    XL:     7   Next: 60%
Magic:  6/10       EV:  9    Int: 14    God:    the Shining One [*.....]
Gold:   216        SH:  0    Dex:  8    Spells: 4/10 levels left

rFire   + . .        a - +0 mace {mace}
rCold   . . .        (no shield)
rNeg    . . .        b - +0 robe
rPois   .            (helmet restricted)
rElec   .            (no cloak)
rCorr   .            (gloves unavailable)
SInv    .            (boots unavailable)
Will    .....        (no amulet)
Stlth   +            w - +4 ring of protection
HPRegen 0.33/turn    v - ring of protection from fire
MPRegen 0.12/turn

%: no passive effects
@: on blink cooldown, very slightly contaminated, glowing
A: large, unfitting armour, horns 1, tough skin 1, double potion healing,
drunken brawling
a: Renounce Religion, Divine Shield


You were on level 4 of the Dungeon.
You worshipped the Shining One.
The Shining One was aware of your devotion.
You visited 1 branch of the dungeon, and saw 4 of its levels.

You collected 230 gold pieces.
You donated 14 gold pieces to Zin.


Innate Abilities, Weirdness & Mutations

You are too large for most types of armour.
You have a pair of small horns on your head.
You have tough skin. (AC +1)
You gain doubled healing and magic from potions.
Whenever you drink a healing potion, you attack all around you.


   Skills:
 - Level 8.0 Fighting
 - Level 6.0 Maces & Flails
 - Level 1.0 Throwing
 - Level 2.1 Dodging
 - Level 2.4 Spellcasting
 + Level 2.6 Translocations


You had 4 spell levels left.
You knew the following spells:

 Your Spells              Type           Power      Damage    Failure   Level
a - Blink                 Tloc           18%        N/A       12%         2
b - Manifold Assault      Tloc           9%         N/A       58%         4

Your spell library contained the following spells:

 Spells                   Type           Power      Damage    Failure   Level
 Lesser Beckoning         Tloc           18%        N/A       12%         2
 Teleport Other           Tloc           9%         N/A       22%         3
 Vhi's Electric Charge    Tloc/Air       10%        N/A       78%         4

Inventory:

Hand Weapons
 a - a +0 mace (weapon) {mace}
 y - a +0 giant club {mace}
   (You took it off an ogre on level 4 of the Dungeon)
Missiles
 d - 7 darts of dispersal (quivered) {=fthrowing}
 r - 7 poisoned darts {throwing}
 t - 6 boomerangs {throwing}
 u - 4 large rocks {=fthrowing}
Armour
 b - a +0 robe (worn)
Jewellery
 k - a ring of see invisible
   (You found it on level 1 of the Dungeon)
 v - a ring of protection from fire (right hand)
   (You found it on level 4 of the Dungeon)
 w - a +4 ring of protection (left hand)
   (You took it off a goblin on level 4 of the Dungeon)
Scrolls
 c - 2 scrolls of blinking {!r}
 e - a scroll of immolation {unknown}
 g - 5 scrolls of identify {unknown}
 h - a scroll of enchant armour {unknown}
 i - 2 scrolls of silence {unknown}
 l - 3 scrolls of teleportation {unknown}
 o - 2 scrolls of enchant weapon {unknown}
 s - a scroll of noise {unknown}
 x - a scroll of torment {unknown}
Potions
 f - 2 potions of haste {unknown}
 j - a potion of curing {unknown}
 m - 2 potions of magic {unknown}
 n - a potion of berserk rage {unknown}
 p - a potion of enlightenment {unknown}
 q - a potion of might {unknown}

Dungeon Overview and Level Annotations

Branches:
Dungeon (4/15) Zot: 19695
 Temple: D:4-7

Altars:
Gozag
Hepliaklqana
Makhleb
Zin
The Shining One

Annotations:
D:3 exclusion: downstairs

.......#
######[# #.#
#.# #.# #.# #.#
#.# #.# #.# #.#
#.# #.# #.# #.#
#.# #@# #.# #g#
#.# #g#
#.#########ยง##
#............#
##############


You could see 2 gnolls.


Message History

The gnolls pick up the pace!
The gnoll hits you with a +0 whip.
HP[-4]
You take 4 damage, and now have 75/79 hp.
You sock the gnoll! You headbutt the gnoll!
You kill the gnoll!
You hit the gnoll bouda. The gnoll bouda closely misses you.
You hit the gnoll bouda.
You headbutt the gnoll bouda, but do no damage.
The gnoll bouda completely misses you.
HP[+1]
You hit the gnoll bouda but do no damage.
The gnoll bouda hits you but does no damage.
You completely miss the gnoll bouda.
The gnoll bouda hits you with a +0 whip.
The gnoll bouda hits you with a +0 whip!
HP[-11]
You take 11 damage, and now have 65/79 hp.
You hit the gnoll bouda but do no damage.
You headbutt the gnoll bouda.
The gnoll bouda hits you with a +0 whip!
HP[-8]
You take 8 damage, and now have 57/79 hp.
You barely miss the gnoll bouda.
You punch the gnoll bouda, but do no damage.
The gnoll bouda closely misses you.
You barely miss the gnoll bouda. Your headbutt misses the gnoll bouda.
The gnoll bouda hits you with a +0 whip.
HP[-1]
You take 1 damage, and now have 56/79 hp.
You hit the gnoll bouda.
The gnoll bouda hits you with a +0 whip!
HP[-8]
You take 8 damage, and now have 48/79 hp.
You hit the gnoll bouda.
The gnoll bouda hits you with a +0 whip.
HP[-3]
You take 3 damage, and now have 45/79 hp.
You hit the gnoll bouda but do no damage.
Your headbutt misses the gnoll bouda. The gnoll bouda barely misses you.
HP[+1]
You hit the gnoll bouda.
You kill the gnoll bouda!
The Shining One accepts your kill.
The gnoll is no longer moving quickly.
Training target 6.0 for Maces & Flails reached!
Training target 8.0 for Fighting reached!
Your Fighting skill increases to level 8!
Your Maces & Flails skill increases to level 6!
You need to enable at least one skill for training.
HP[+1]
You now have 80 max hp (+1).
You hit the gnoll. You headbutt the gnoll.
The gnoll is no longer moving quickly.
The gnoll hits you but does no damage. The gnoll hits you with a +0 club.
HP[-5]
You take 5 damage, and now have 42/80 hp.
You hit the gnoll but do no damage.
The gnoll hits you from afar with a +0 halberd.
* * * LOW HITPOINT WARNING * * *
The gnoll closely misses you.
HP[-3]
You take 3 damage, and now have 39/80 hp.
You hit the gnoll but do no damage. You headbutt the gnoll.
The gnoll hits you but does no damage. The gnoll hits you with a +0 club.
* * * LOW HITPOINT WARNING * * *
HP[-2]
You take 2 damage, and now have 37/80 hp.
You hit the gnoll.
The gnoll hits you from afar with a +0 halberd!
* * * LOW HITPOINT WARNING * * *
The gnoll hits you but does no damage.
The gnoll hits you from afar with a +0 halberd!
* * * LOW HITPOINT WARNING * * *
HP[-21]
You take 21 damage, and now have 16/80 hp.
MASSIVE DAMAGE!! (PAUSE)
You hit the gnoll. The gnoll hits you with a +0 club.
* * * LOW HITPOINT WARNING * * *
The gnoll barely misses you.
HP[-6]
You take 6 damage, and now have 10/80 hp.
The gnoll attacks as it pursues you!
The gnoll hits you from afar with a +0 halberd.
* * * LOW HITPOINT WARNING * * *
HP[-1]
You take 1 damage, and now have 9/80 hp.
Cast which spell? (? or * to list)
You miscast Blink.
You are very lightly contaminated with residual magic.
Nothing appears to happen.
The gnoll misses you. The gnoll hits you but does no damage.
MP[-2]
You lost 2 mp, and now have 8/10 mp.
Unknown command.
Casting: Blink (safe; 12% risk of failure)
Confirm with . or Enter, or press ? or * to list all spells.
You blink.
The gnoll hits you with a +0 halberd!
You die...

Skill      XL: |  1  2  3  4  5  6  7 |
---------------+----------------------+-----
Fighting       | 3 4 5 7 8 |  8.0
Maces & Flails | 3 4 5 6 |  6.0
Throwing       | |  1.0
Dodging        | |  2.1
Spellcasting   | |  2.4
Translocations | |  2.6

Action                     |  1- 3 |  4- 6 |  7- 9 || total
---------------------------+-------+-------+-------++-------
  Melee: Mace              |   118 |   207 |    45 ||   370
         Headbutt          |    12 |    40 |    13 ||    65
         Punch             |     1 |     2 |     1 ||     4
   Cast: Blink             |       |       |     1 ||     1
 Armour: Robe              |   123 |   142 |    36 ||   301
  Dodge: Dodged            |    80 |   100 |    15 ||   195

Levels and vault maps discovered:
D:1:      dpeg_arrival_concentric_ovals, layout_basic, kennysheep_minor_cross
D:2:      cheibrodos_pilgrimage, layout_rooms, basic_altar, uniq_natasha
D:3:      layout_basic, bloody_makhleb, gammafunk_temple_overflow_forgotten
D:4:      layout_basic

Notes
Turn   | Place    | Note
-------+----------+-------------------------------------------
     0 | D:1      | zeratav the Oni Warper began the quest for the Orb.
     0 | D:1      | Reached XP level 1. HP: 22/22 MP: 3/3
     0 | D:1      | magus.rc [v1.9.6]
   129 | D:1      | Reached skill level 3 in Fighting
   193 | D:1      | Reached XP level 2. HP: 30/31 MP: 5/5
   196 | D:1      | Learned a level 2 spell: Blink
   654 | D:1      | Reached XP level 3. HP: 31/39 MP: 6/6
  1101 | D:1      | Reached skill level 4 in Fighting
  1177 | D:1      | Reached skill level 3 in Maces & Flails
  1256 | D:2      | Found a glowing silver altar of Zin.
  1269 | D:2      | Became a worshipper of Zin the Law-Giver
  1403 | D:2      | Reached XP level 4. HP: 23/49 MP: 7/7
  1406 | D:2      | Reached * piety under Zin
  1615 | D:2      | Noticed Natasha
  1626 | D:2      | Killed Natasha
  1931 | D:2      | Reached skill level 5 in Fighting
  1931 | D:2      | Reached XP level 5. HP: 26/57 MP: 8/8
  2147 | D:2      | Noticed Natasha
  2155 | D:2      | Killed Natasha
  2156 | D:2      | Reached skill level 4 in Maces & Flails
  2291 | D:3      | Learned a level 4 spell: Manifold Assault
  2443 | D:3      | Reached XP level 6. HP: 66/67 MP: 9/9
  2521 | D:3      | Reached skill level 6 in Fighting
  2600 | D:3      | Found a hazy altar of Hepliaklqana.
  2600 | D:3      | Found an opulent altar of Gozag.
  2600 | D:3      | Found a glowing golden altar of the Shining One.
  2609 | D:3      | Fell from the grace of Zin
  2609 | D:3      | Became a worshipper of the Shining One
  2929 | D:3      | Found a burning altar of Makhleb.
  3273 | D:4      | Noticed an ice beast
  3507 | D:4      | Reached skill level 5 in Maces & Flails
  3576 | D:4      | Reached skill level 7 in Fighting
  3576 | D:4      | Reached XP level 7. HP: 46/78 MP: 10/10
  4041 | D:4      | Reached * piety under the Shining One
  4223 | D:4      | Reached skill level 8 in Fighting
  4223 | D:4      | Reached skill level 6 in Maces & Flails
  4226 | D:4      | HP: 16/80 [gnoll/+0 halberd[a gnoll bouda] (11)]
  4230 | D:4      | Slain by a gnoll

Vanquished Creatures
  An ice beast (D:4)
  An ogre (D:4)
  A howler monkey (D:4)
  A gnoll bouda (D:4)
  A bombardier beetle (D:4)
  4 orc priests
  Natasha (twice) (D:2)
  2 orc wizards
  A gnoll (D:4)
  4 adders
  3 dart slugs
  A ribbon worm (D:2)
  21 orcs
  4 bats
  6 endoplasms
  7 giant cockroaches
  6 goblins
  5 hobgoblins
  12 jackals
  8 kobolds
  3 quokkas
  11 ball pythons
  4 frilled lizards
  6 rats
115 creatures vanquished.

Table legend:
 A = Non-vault XP
 B = Vault XP
 C = Vault XP percentage of total XP
 D = Non-vault monster count
 E = Vault monster count
 F = Vault count percentage of total count
                 A         B        C        D         E       F
            +---------+---------+-------+---------+---------+-------
      Total |     886 |      84 |   8.7 |     111 |       4 |   3.5
            +---------+---------+-------+---------+---------+-------
        D:1 |      54 |       0 |   0.0 |      30 |       0 |   0.0
        D:2 |      86 |      84 |  49.4 |      22 |       4 |  15.4
        D:3 |     200 |       0 |   0.0 |      33 |       0 |   0.0
        D:4 |     546 |       0 |   0.0 |      26 |       0 |   0.0
            +---------+---------+-------+---------+---------+-------

Skill      XL: |  1  2  3  4  5  6  7 |
---------------+----------------------+-----
Fighting       | 3 4 5 7 8 |  8.0
Maces & Flails | 3 4 5 6 |  6.0
Throwing       | |  1.0
Dodging        | |  2.1
Spellcasting   | |  2.4
Translocations | |  2.6

Action                     |  1- 3 |  4- 6 |  7- 9 || total
---------------------------+-------+-------+-------++-------
  Melee: Mace              |   118 |   207 |    45 ||   370
         Headbutt          |    12 |    40 |    13 ||    65
         Punch             |     1 |     2 |     1 ||     4
   Cast: Blink             |       |       |     1 ||     1
 Armour: Robe              |   123 |   142 |    36 ||   301
  Dodge: Dodged            |    80 |   100 |    15 ||   195

Illustrated notes

Table legend:
 A = Kills in this place as a percentage of kills in the entire game.
 B = Kills by you in this place as a percentage of kills by you in the entire game.
 C = Kills by friends in this place as a percentage of kills by friends in the entire game.
 D = Other kills in this place as a percentage of other kills in the entire game.
 E = Experience gained in this place as a percentage of experience gained in the entire game.
 F = Experience gained in this place divided by the number of levels of this place that you have seen.
                   A       B       C       D       E      F
               +-------+-------+-------+-------+-------+----------------------
         Total | 100.0 | 100.0 |   N/A |   N/A | 100.0 | 242.5
       Dungeon | 100.0 | 100.0 |   N/A |   N/A | 100.0 | 242.5
               +-------+-------+-------+-------+-------+----------------------

Table legend: (Time is in decaauts)
 A = Elapsed time spent in this place.
 B = Non-inter-level travel time spent in this place.
 C = Inter-level travel time spent in this place.
 D = Time resting spent in this place.
 E = Time spent auto-exploring this place.
 F = Levels seen in this place.
 G = Mean time per level.
                   A        B        C        D        E       F      G
               +--------+--------+--------+--------+--------+-----+--------+
         Total |   4303 |   4064 |    239 |    647 |   2634 |   4 | 1075.8 |
       Dungeon |   4303 |   4064 |    239 |    647 |   2634 |   4 | 1075.8 |
               +--------+--------+--------+--------+--------+-----+--------+

Top non-repeatable levels by time:
     D:1: 1265 daAuts
     D:2: 1094 daAuts
     D:4: 973 daAuts
     D:3: 970 daAuts
